 Dungeon Crawl Stone Soup version 0.30.0-29-ga12c61a403 (webtiles) character file.

Game seed: 993279389595473143

99 qw the Chopper (level 4, 0/28 HPs)
             Began as a Gargoyle Fighter on June 5, 2023.
             Slain by Grinder (5 damage)
             ... on level 4 of the Dungeon.
             The game lasted 00:01:18 (2733 turns).

qw the Chopper (Gargoyle Fighter)                   Turns: 2733, Time: 00:01:18

Health: 0/28       AC: 12    Str: 22    XL:     4   Next: 72%
Magic:  4/4        EV:  8    Int:  8    God:
Gold:   160        SH:  4    Dex:  9    Spells: 3/3 levels left

rFire   + . .        Y - +0 war axe
rCold   . . .        c - +0 buckler
rNeg    + . .        k - +0 chain mail
rPois   inf          (no helmet)
rElec   +            (no cloak)
rCorr   .            (no gloves)
SInv    .            (no boots)
Will    .....        j - amulet of faith Stlth
                     l - ring of protection from fire
HPRegen 0.24/turn    (no ring)
MPRegen 0.09/turn

%: faith
@: about to teleport
A: sickness immunity, AC +3, negative energy resistance 1, electricity
resistance, torment resistance 1, petrification resistance
a: no special abilities


You were on level 4 of the Dungeon.
You visited 1 branch of the dungeon, and saw 4 of its levels.

You collected 160 gold pieces.


Innate Abilities, Weirdness & Mutations

You are immune to sickness and miasma.
Your stone body is resilient. (AC +3)
You are immune to poison.
You resist negative energy. (rN+)
You are resistant to electric shocks. (rElec)
You are resistant to unholy torment.
You are immune to petrification.


   Skills:
 - Level 3.2 Fighting
 + Level 4.3 Axes
 - Level 3.2 Armour
 - Level 3.2 Shields


You had 3 spell levels left.
You didn't know any spells.
Your spell library was empty.

Inventory:

Hand Weapons
 o - a +0 mace
 Y - a +0 war axe (weapon)
Armour
 c - a +0 buckler (worn)
 k - a +0 chain mail (worn)
Jewellery
 j - an amulet of faith (around neck)
 l - a ring of protection from fire (left hand)
Scrolls
 b - a scroll of teleportation
 e - a scroll of enchant armour
 m - a scroll of identify
Potions
 a - a potion of cancellation {unknown}
 d - a potion of might
 f - a potion of heal wounds
 g - a potion of attraction {unknown}
 h - a potion of flight {unknown}

Dungeon Overview and Level Annotations

Branches:
Dungeon (4/15)
 Temple: D:4-7

Altars:

Annotations:
D:4 Blork the orc, Grinder


Message History

Grinder gestures at you. Pain shoots through your body!
You barely miss Grinder.
Grinder says, "What is the universe for?"
Grinder hits you but does no damage. x2
You hit Grinder.
Grinder is lightly wounded.
Blork the orc gestures at you while chanting.
The puff of frost misses you. Grinder hits you but does no damage.
You closely miss Grinder.
Grinder is lightly wounded.
Grinder closely misses you.
You completely miss Grinder.
Grinder is lightly wounded.
You closely miss Blork the orc. Grinder gestures at you.
You suddenly lose the ability to move!
Blork the orc screams, "I'll break your arms!"
Blork the orc hits you but does no damage.
Grinder gestures at you. Pain shoots through your body!
Blork the orc hits you with a +1 heavy scimitar!
Grinder hits you.
You can move again.
You slash Grinder!
Grinder is moderately wounded.
You completely miss Blork the orc. Grinder gestures at you.
Pain shoots through your body!
Blork the orc hits you but does no damage.
You slash Grinder!
Grinder is severely wounded.
You slash Blork the orc! Grinder hits you.
You writhe in agony.
Blork the orc hits you with a +1 heavy scimitar.
2733 ||| READING 2 scrolls of teleportation.
As you read the scroll of teleportation, it crumbles to dust.
You feel strangely unstable. Grinder hits you.
You die...

#.. .. #.. .[#
#..##. ##.. #.
#.....#..# ... #
#....#... #...
#.#...#..# ..#..
#...[#...##...#.
#.#5@^.......#
#..o......#.#
###.....<.....#
............###
...........#.#
...........# #
...<.......#
....######## ###


You could see Grinder and Blork the orc.

Vanquished Creatures
  3 adders
  3 worms (D:2)
  7 endoplasms
  7 giant cockroaches
  9 goblins
  A hobgoblin (D:2)
  3 quokkas
  7 ball pythons
  3 bats
  2 frilled lizards
  6 kobolds
  7 rats
58 creatures vanquished.

Notes
Turn   | Place    | Note
-------+----------+-------------------------------------------
     0 | D:1      | qw the Gargoyle Fighter began the quest for the Orb.
     0 | D:1      | Reached XP level 1. HP: 14/14 MP: 1/1
     0 | D:1      | 0 ||| qw: Version: 0.2-a-108-gee2c290
     0 | D:1      | 0 ||| qw: Game counter: 1395
     0 | D:1      | 0 ||| qw: Always use a shield: true
     0 | D:1      | 0 ||| qw: God list: Okawaru
     0 | D:1      | 0 ||| qw: Allow faded altars: false
     0 | D:1      | 0 ||| qw: Do Orc after D:15 true
     0 | D:1      | 0 ||| qw: Do second Lair branch before Depths: true
     0 | D:1      | 0 ||| qw: Lair rune preference: random
     0 | D:1      | 0 ||| qw: Plans: Normal, Zot:1-4, Slime:5, God:TSO, Crypt,
                  | Tomb, Abyss, Pan, Hells, Win
     0 | D:1      | 0 ||| PLANNING D:1-11
    85 | D:1      | Reached skill level 2 in Axes
   147 | D:1      | Reached XP level 2. HP: 19/19 MP: 2/2
   221 | D:1      | 221 ||| Stepping ~*~*~tactically~*~*~ (stealth).
   264 | D:1      | 264 ||| FLEEEEING.
   265 | D:1      | 265 ||| FLEEEEING.
   266 | D:1      | 266 ||| FLEEEEING.
   267 | D:1      | 267 ||| FLEEEEING.
   268 | D:1      | 268 ||| FLEEEEING.
   269 | D:1      | 269 ||| FLEEEEING.
   270 | D:1      | 270 ||| FLEEEEING.
   271 | D:1      | 271 ||| FLEEEEING.
   272 | D:1      | 272 ||| FLEEEEING.
   273 | D:1      | 273 ||| FLEEEEING.
   274 | D:1      | 274 ||| FLEEEEING.
   275 | D:1      | 275 ||| FLEEEEING.
   316 | D:1      | Reached skill level 3 in Axes
   439 | D:1      | Reached XP level 3. HP: 23/23 MP: 3/3
   584 | D:1      | 584 ||| Stepping ~*~*~tactically~*~*~ (stealth).
   682 | D:1      | 682 ||| UPGRADING to +0 chain mail.
   692 | D:1      | 692 ||| DROPPING +0 scale mail.
   693 | D:1      | 693 ||| UPGRADING to amulet of faith.
   698 | D:1      | 698 ||| UPGRADING to ring of protection from fire.
   699 | D:1      | 699 ||| READING scroll labelled JEMAGUTH XIVUD.
   700 | D:1      | 700 ||| READING scroll labelled JOBIMUT XYMA.
   701 | D:1      | 701 ||| READING 3 scrolls labelled PAUXEIGGAU.
   702 | D:1      | 702 ||| READING scroll labelled MAN ODGHE GEASO.
   705 | D:1      | 705 ||| READING scroll labelled PONOPN QULE.
   706 | D:1      | 706 ||| DROPPING 2 scrolls of immolation.
   978 | D:2      | You fall into a shaft and drop 1 floor!
  1061 | D:3      | 1061 ||| DROPPING +0 club.
  1263 | D:3      | 1263 ||| READING scroll labelled FYLAVO HARACI.
  1264 | D:3      | 1264 ||| READING scroll labelled YXZYMMICOEF.
  1365 | D:3      | 1365 ||| READING scroll labelled LEOROR PUOM.
  1366 | D:3      | 1366 ||| DRINKING 2 purple potions.
  1388 | D:2      | Reached XP level 4. HP: 27/28 MP: 4/4
  1433 | D:2      | Reached skill level 4 in Axes
  1618 | D:2      | 1618 ||| Stepping ~*~*~tactically~*~*~ (hiding).
  2719 | D:4      | Noticed Grinder
  2720 | D:4      | 2720 ||| Stepping ~*~*~tactically~*~*~ (hiding).
  2721 | D:4      | 2721 ||| Stepping ~*~*~tactically~*~*~ (hiding).
  2723 | D:4      | Noticed Blork the orc
  2729 | D:4      | Paralysed by Grinder for 2 turns
  2732 | D:4      | HP: 7/28 [Grinder (2)]
  2733 | D:4      | 2733 ||| READING 2 scrolls of teleportation.
  2733 | D:4      | Slain by Grinder

Levels and vault maps discovered:
D:1:      dpeg_arrival_rhombus, layout_rooms, minmay_tromino_v4_b
D:2:      layout_basic, corexii_hall_statues_i, minivault_14
D:3:      layout_loops_corners, bh_walls_and_bars
D:4:      layout_basic, minmay_temple_entry_crystal_x,
          nicolae_inconvenience_store, minivault_26, uniq_grinder,
          uniq_blork_the_orc

Skill      XL: |  1  2  3  4 |
---------------+-------------+-----
Axes           | 2 3 4 |  4.3
Fighting       | |  3.2
Armour         | |  3.2
Shields        | |  3.2

Action                     |  1- 3 |  4- 6 || total
---------------------------+-------+-------++-------
  Melee: War axe           |   130 |    60 ||   190
    Use: Scroll            |     8 |     1 ||     9
         Potion            |     1 |       ||     1
 Armour: Scale mail        |    53 |       ||    53
         Chain mail        |    35 |    30 ||    65
  Dodge: Dodged            |    55 |    19 ||    74
  Block: Buckler           |    24 |     6 ||    30

Table legend:
 A = Non-vault XP
 B = Vault XP
 C = Vault XP percentage of total XP
 D = Non-vault monster count
 E = Vault monster count
 F = Vault count percentage of total count
                 A         B        C        D         E       F
            +---------+---------+-------+---------+---------+-------
      Total |     140 |       2 |   1.4 |      57 |       1 |   1.7
            +---------+---------+-------+---------+---------+-------
        D:1 |      49 |       2 |   3.9 |      29 |       1 |   3.3
        D:2 |      62 |       0 |   0.0 |      18 |       0 |   0.0
        D:3 |      29 |       0 |   0.0 |      10 |       0 |   0.0
            +---------+---------+-------+---------+---------+-------
